 Dungeon Crawl Stone Soup version 0.31-a0-1206-g41278d8d1d (webtiles) character file.

Game seed: 13155125480868338732

238699 Mll the Severer (level 19, -7/124 (127) HPs)
             Began as a Gargoyle Berserker on Dec 13, 2023.
             Was a High Priest of Trog.
             Mangled by a +4 trident of pain (13 damage)
             ... on level 3 of the Elven Halls.
             The game lasted 01:41:24 (31586 turns).

Mll the Severer (Gargoyle Berserker)               Turns: 31586, Time: 01:41:25

HP:   -7/124 (127)  AC: 56    Str: 28    XL:     19   Next: 72%
MP:   6/6           EV: 14    Int:  9    God:    Trog [*****.]
Gold: 2576          SH: 26    Dex: 11    Spells: 18/18 levels left

rFire   . . .        I - +9 broad axe (antimagic)
rCold   . . .        P - +2 tower shield {AC+3}
rNeg    + . .        V - +5 plate armour
rPois   ∞            l - +1 helmet of Henotheism {Regen+ rCorr Dex-2}
rElec   +            E - +2 cloak
rCorr   +            o - +4 pair of gloves of Nown {+Inv Dex+4}
SInv    .            M - +2 pair of boots
Will    +++..        C - amulet of reflection Stlth
                     S - +5 ring of evasion
HPRegen 2.20/turn    u - +4 ring of slaying
MPRegen 0.10/turn

%: reflection
@: mighty, strong-willed, flying, regenerating, hasted, lightly drained, very
quick
A: sickness immunity, AC +14, big wings, negative energy resistance 1,
electricity resistance, torment resistance 1, petrification resistance
}: 1/15 runes: serpentine
a: Renounce Religion, Evoke Invisibility, Berserk, Trog's Hand, Brothers in Arms


You were on level 3 of the Elven Halls.
You worshipped Trog.
Trog was extremely pleased with you.
You visited 6 branches of the dungeon, and saw 30 of its levels.
You visited the Abyss 2 times.
You visited 1 bazaar.

You collected 3748 gold pieces.
You spent 1172 gold pieces at shops.

Inventory:

Hand Weapons
 I - a +9 antimagic broad axe (weapon)
 U - a +9 broad axe of chaos
Armour
 l - the +1 helmet of Henotheism (worn) {Regen+ rCorr Dex-2}
   (You took it off Robin on level 2 of the Dungeon)

   Dex-2:     It affects your dexterity (-2).
   Regen+:    It increases your rate of health regeneration.
   rCorr:     It protects you from acid and corrosion.
 o - the +4 pair of gloves of Nown (worn) {+Inv Dex+4}
   (You found it on level 2 of the Elven Halls)

   Dex+4:     It affects your dexterity (+4).
   +Inv:      It lets you turn invisible.
 E - a +2 cloak (worn)
 M - a +2 pair of boots (worn)
 P - a +2 tower shield of protection (worn)
 V - a +5 plate armour (worn)
Jewellery
 a - a ring of fire
 c - a ring of positive energy
 u - a +4 ring of slaying (right hand)
 A - a ring of fire
 C - an amulet of reflection (around neck)
 D - a +6 ring of strength
 L - a ring of resist corrosion
 R - a +5 ring of evasion
 S - a +5 ring of evasion (left hand)
 X - a ring of see invisible
Wands
 i - a wand of paralysis (24)
 k - a wand of flame (54)
 m - a wand of acid (19)
 z - a wand of mindburst (3)
 F - a wand of roots (12)
 O - a wand of digging (9)
Scrolls
 b - a scroll of brand weapon (quivered)
 d - 12 scrolls of teleportation
 e - 4 scrolls of summoning
 g - 4 scrolls of immolation
 h - 2 scrolls of revelation
 q - a scroll of poison
 r - 5 scrolls of fear
 t - 7 scrolls of identify
 B - 3 scrolls of vulnerability
 H - a scroll of fog
 J - a scroll of torment
 N - a scroll of silence
 Y - 2 scrolls of enchant weapon
Potions
 f - 4 potions of might
 n - 4 potions of berserk rage
 p - a potion of resistance
 s - 6 potions of curing
 v - 2 potions of haste
 x - 2 potions of ambrosia
 G - 2 potions of heal wounds
 Q - a potion of lignification
 Z - a potion of cancellation {unknown}
Miscellaneous
 K - a phial of floods


   Skills:
 + Level 16.6 Fighting
 + Level 19.5 Axes
 + Level 17.7 Armour
 + Level 4.8 Dodging
 + Level 6.3 Stealth
 + Level 18.5 Shields


You had 18 spell levels left.
You didn't know any spells.
Your spell library was empty.

Dungeon Overview and Level Annotations

Branches:
Dungeon (15/15)            Temple (1/1) D:5            Lair (5/5) D:9
 Shoals (0/4) Lair:2        Snake (4/4) Lair:3        Slime (0/5) Lair:4
    Orc (2/2) D:12            Elf (3/3) Orc:2        Vaults (0/5) D:13
 Depths (0/4) D:15

Altars:
Ashenzari
Cheibriados
Dithmenos
Elyvilon
Fedhas
Gozag
Hepliaklqana
Kikubaaqudgha
Makhleb
Nemelex Xobeh
Okawaru
Qazlal
Ru
Sif Muna
Trog
Uskayaw
Vehumet
Wu Jian
Xom
Yredelemnul
Zin
The Shining One
Jiyva

Shops:
Orc:2 :[(*(*[   Elf:1 ???   Snake:1 *?   Snake:3 ?   Snake:4 :


Innate Abilities, Weirdness & Mutations

You are immune to sickness and miasma.
Your stone body is resilient. (AC +14)
You are immune to poison.
Your large and strong wings let you fly.
You resist negative energy. (rN+)
You are resistant to electric shocks. (rElec)
You are resistant to unholy torment.
You are immune to petrification.


Message History

The deep elf death mage beckons forth a restless soul!
You hear a shout!
You slice the deep elf blademaster!!
You kill the deep elf blademaster!
Trog accepts your kill.
The deep elf elementalist casts a spell at you.
You shatter!!
* * * LOW HITPOINT WARNING * * *
The +4 trident of pain hits you but does no damage.
The deep elf master archer shoots an arrow.
You block the arrow with an invisible shield... and reflect it back!
The arrow hits the deep elf master archer!!
The arrow freezes the deep elf master archer.
Something assumes the form of the deep elf master archer and becomes anchored to this world!
You hear a shout!
The deep elf death mage seems less brilliant.
You block the +4 trident of pain's attack.
The deep elf death mage beckons forth a restless soul!
The deep elf death mage is empowered by something's aura!
The ghostly deep elf master archer shoots an arrow.
You block the arrow with an invisible shield... and reflect it back!
The arrow hits the ghostly deep elf master archer!!
The arrow freezes the ghostly deep elf master archer.
Things that are here:
a +0 rapier; a +0 rapier; a +0 leather armour You miss the +4 trident of pain.
You closely miss the ghostly deep elf master archer.
You block the +4 trident of pain's attack.
The ghostly deep elf master archer shoots an arrow.
The arrow hits you but does no damage.
The deep elf death mage gestures at you while chanting.
The bolt of negative energy hits the ghostly deep elf master archer.
The ghostly deep elf master archer completely resists.
The bolt of negative energy hits you! You partially resist.
You feel drained.
* * * LOW HITPOINT WARNING * * *
The ghostly deep elf master archer attacks as it pursues you!
The ghostly deep elf master archer unwields a +2 longbow of freezing.
You block the ghostly deep elf master archer's attack.
The +4 trident of pain hits you from afar!
You die...

#....#...##..#
#..##..##.).##
###.......###
#...###..##
##.## #.## #.#
#.# ####e# #.#
#*ee†####.##
#.)#(e@....#
#e(#########


#ee #*e #ee #ee #.e You could see a ghostly deep elf master archer, 2 deep elf
death magi, a lost soul (summoned) and a +4 trident of pain.

Vanquished Creatures
  Vashnia (Snake:4)
  3 bone dragons (Abyss:1)
  3 deep elf blademasters
  3 tentacled starspawn
  An Executioner (Abyss:2)
  The ghost of Gemnupib the Pyromancer, an adept DEFE of Vehumet (Elf:2)
  5 nagarajas
  A frost giant (D:15)
  2 deep elf sorcerers
  A deep elf elementalist (Elf:3)
  2 orc warlords
  2 deep elf demonologists
  Azrael (D:14)
  3 deep elf death magi
  The ghost of Foklal the Severer, a journeyman HOFi of Makhleb (Orc:1)
  A deep elf high priest (Elf:2)
  Erolcha (Orc:1)
  2 rakshasas (Abyss:1)
  2 great orbs of eyes (Abyss:1)
  An ogre mage (D:15)
  8 hydras
  A salamander tyrant (Snake:2)
  12 anacondas
  10 centaur warriors
  8 boulder beetles
  6 two-headed ogres
  26 dancing weapons
  The ghost of Chipwarrior the Blocker, a novice HOFi of Beogh (D:8)
  16 naga warriors
  2 hell hogs (Lair:5)
  2 tengu warriors (D:15)
  22 naga sharpshooters
  Urug (Orc:1)
  3 orc high priests
  10 shock serpents
  11 deep elf knights (Elf:2)
  A wretched star (Abyss:1)
  8 salamander mystics
  7 skeletal warriors (D:14)
  A deep troll (shapeshifter) (Elf:1)
  Lodul (D:13)
  2 shadow demons (Abyss:2)
  6 naga ritualists
  Pikel (D:4)
  14 deep elf archers
  A lindwurm (Lair:5)
  2 starcursed masses (Abyss:2)
  18 deep elf pyromancers
  31 deep elf zephyrmancers
  4 orc knights
  6 mana vipers
  4 orc sorcerers
  8 cyclopes
  An oklob plant (Lair:3)
  A shining eye (shapeshifter) (Elf:1)
  12 ugly things
  6 manticores
  A moth of wrath (Orc:1)
  18 salamanders
  A faun (shapeshifter) (Elf:1)
  2 centaur zombies (D:11)
  7 large abominations
  7 elephants
  10 guardian serpents
  A torpor snail (Lair:4)
  35 black mambas
  A worldbinder (Abyss:2)
  A smoke demon (Abyss:2)
  2 kobold blastminers (Orc:1)
  21 naga magi
  2 molten gargoyles (Lair:5)
  5 gargoyles
  A dire elephant skeleton (Abyss:1)
  The ghost of KimchiStew the Poker, a novice HuWn of Wu Jian (D:6)
  A cane toad (shapeshifter) (D:13)
  2 unseen horrors
  10 cane toads
  4 rime drakes
  11 komodo dragons
  A hellion (Abyss:2)
  An efreet (D:15)
  A rime drake (shapeshifter) (Elf:1)
  A tengu conjurer (D:13)
  4 ancient zymes
  6 kobold demonologists
  4 trolls
  4 meliai
  A queen bee (Lair:1)
  2 polar bears (shapeshifter) (Elf:2)
  2 queen bees (shapeshifter)
  4 polar bears
  6 blink frogs
  A troll (shapeshifter) (Elf:2)
  A blink frog (shapeshifter) (D:15)
  4 raiju
  A hornet (D:11)
  Sigmund (D:3)
  7 dream sheep (Lair:4)
  A vampire (D:13)
  A shadow (D:11)
  A spriggan (shapeshifter) (D:13)
  3 ynoxinuls
  2 air elementals (Elf:2)
  5 fire elementals (D:14)
  10 wyverns
  2 wraiths
  6 water elementals
  37 yaks
  4 vampire mosquitoes
  3 chaos spawn
  2 steam dragons (Lair:5)
  A neqoxec (Abyss:2)
  7 small abominations
  3 basilisks
  49 nagas
  A swamp worm (Snake:4)
  2 wargs (Orc:1)
  3 acid dragons
  5 hell hounds
  16 water moccasins
  4 ice beasts
  27 orc warriors
  3 black bears (Lair:2)
  2 sky beasts
  A sky beast (shapeshifter) (Elf:1)
  15 ogres
  15 centaurs
  4 wolves
  2 boggarts (Abyss:2)
  2 phantoms
  3 kobold brigands
  4 bullfrogs
  2 earth elementals (Elf:3)
  A gnoll sergeant (D:9)
  9 wights
  14 killer bees
  4 howler monkeys
  The ghost of DEFE the Twirler, a weakling DsWn (D:3)
  5 electric eels
  5 lava snakes (Lair:5)
  A quasit (Abyss:2)
  3 jellies
  A hound (D:4)
  A gnoll bouda (D:7)
  11 orc priests
  An iron imp (Abyss:2)
  Ijyb (D:2)
  3 iguanas (D:5)
  22 orc wizards
  6 hell rats (Lair:1)
  Robin (D:2)
  23 gnolls
  8 adders
  3 white imps
  6 ufetubi
  A worm (D:2)
  5 dart slugs
  49 orcs
  10 ball pythons
  4 endoplasms
  6 giant cockroaches
  18 goblins
  11 hobgoblins
  9 jackals
  4 quokkas
  6 bats
  5 frilled lizards
  24 kobolds
  9 rats
  2 butterflies (Lair:4)
  6 starspawn tentacles
1054 creatures vanquished.

Vanquished Creatures (collateral kills)
  A naga warrior (Snake:3)
  A deep elf pyromancer (Elf:2)
  2 deep elf zephyrmancers (Elf:2)
  A salamander (Snake:3)
  A spriggan (Lair:4)
  3 nagas
9 creatures vanquished.

Vanquished Creatures (others)
  A nagaraja (Snake:2)
  A naga warrior (Snake:3)
  A shadow demon (Abyss:2)
  A mana viper (Snake:1)
  3 deep elf zephyrmancers (Elf:2)
  A deep elf pyromancer (Elf:2)
  An arcanist (D:8)
  A salamander (Snake:2)
  A troll (Orc:1)
  A salamander zombie (Snake:3)
  3 elf zombies (Elf:2)
  A naga (Snake:2)
  A naga zombie (Snake:3)
  An orc warrior (Orc:1)
  An orc wizard (Orc:2)
  An orc (Orc:2)
  A lurking horror (Abyss:2)
  3 starspawn tentacles (Abyss:2)
24 creatures vanquished.

Grand Total: 1087 creatures vanquished

Notes
Turn   | Place    | Note
-------+----------+-------------------------------------------
     0 | D:1      | Mll the Gargoyle Berserker began the quest for the Orb.
     0 | D:1      | Reached XP level 1. HP: 14/14 MP: 1/1
    13 | D:1      | Noticed a hog
    13 | D:1      | Noticed a black bear
    13 | D:1      | Noticed a swamp worm
    14 | D:1      | Noticed a snapping turtle
    14 | D:1      | Noticed a black mamba
    51 | D:1      | Found Oqoerch's Weapon Shop.
    59 | D:1      | Reached XP level 2. HP: 7/19 MP: 2/2
   101 | D:1      | Reached skill level 3 in Axes
   256 | D:1      | Reached XP level 3. HP: 17/24 MP: 3/3
   395 | D:1      | Reached ** piety under Trog
   731 | D:2      | Reached XP level 4. HP: 29/29 MP: 1/4
   742 | D:2      | Identified the +1 helmet of Henotheism {Regen+ rCorr Dex-2}
   742 | D:2      | Noticed Robin
  1127 | D:2      | Killed Robin
  1418 | D:3      | Noticed Ijyb
  1427 | D:2      | Killed Ijyb
  1428 | D:2      | Reached skill level 4 in Axes
  1428 | D:2      | Reached XP level 5. HP: 33/33 MP: 2/5
  2040 | D:3      | Noticed Sigmund
  2066 | D:3      | Killed Sigmund
  2067 | D:3      | Reached XP level 6. HP: 39/39 MP: 3/6
  2109 | D:3      | Reached skill level 5 in Axes
  2236 | D:3      | Found a runed translucent door.
  2241 | D:3      | Noticed DEFE's ghost (weakling DsWn)
  2256 | D:3      | Killed DEFE's ghost
  2257 | D:3      | Reached skill level 1 in Stealth
  2655 | D:3      | Reached XP level 7. HP: 44/44 MP: 7/7
  2690 | D:3      | Identified the +0 mace "Qein" {holy, rC+ Dex+2}
  2776 | D:3      | Reached *** piety under Trog
  2802 | D:3      | Identified the scarf "Pefimp" {harm, Str+2 Dex+4}
  2924 | D:5      | Entered Level 5 of the Dungeon
  3396 | D:4      | Found a glowing silver altar of Zin.
  3445 | D:4      | Reached skill level 6 in Axes
  3598 | D:4      | Noticed Pikel
  3613 | D:4      | Killed Pikel
  3614 | D:4      | Reached skill level 5 in Fighting
  3614 | D:4      | Reached skill level 7 in Axes
  3614 | D:4      | Reached XP level 8. HP: 49/49 MP: 8/8
  3975 | D:4      | Reached skill level 10 in Axes
  3975 | D:4      | Reached skill level 10 in Armour
  3976 | D:4      | Reached XP level 9. HP: 54/54 MP: 9/9
  3976 | D:4      | Reached skill level 12 in Axes
  3976 | D:4      | Reached XP level 10. HP: 59/59 MP: 10/10
  4995 | D:5      | Found a staircase to the Ecumenical Temple.
  5189 | Temple   | Entered the Ecumenical Temple
  5351 | D:6      | Noticed KimchiStew's ghost (novice HuWn)
  5433 | D:6      | Found a radiant altar of Vehumet.
  5494 | D:6      | Paralysed by an orc for 4 turns
  5606 | D:6      | Found a runed translucent gate.
  5607 | D:6      | Found a runed translucent gate.
  5608 | D:6      | Found a runed translucent gate.
  5608 | D:6      | Noticed a boulder beetle
  5627 | D:6      | Killed KimchiStew's ghost
  5633 | D:6      | Killed a boulder beetle
  5633 | D:6      | Reached **** piety under Trog
  5724 | D:6      | Reached XP level 11. HP: 64/64 MP: 11/11
  6746 | D:7      | Found an ornate altar of the Wu Jian Council.
  6855 | D:7      | Found an opulent altar of Gozag.
  6855 | D:7      | Found a shimmering altar of Xom.
  6979 | D:7      | Reached skill level 13 in Axes
  7281 | D:8      | Found a bloodstained altar of Trog.
  7284 | D:8      | Noticed an arcanist
  7290 | D:8      | Killed an arcanist
  7399 | D:8      | Identified the +9 quarterstaff "Ylianisch" {freeze, *Slow
                  | Int+3 SInv}
  7843 | D:8      | Found a large runed translucent door.
  7843 | D:8      | Found a large runed translucent door.
  7864 | D:8      | Noticed Chipwarrior's ghost (novice HOFi)
  7880 | D:8      | Killed Chipwarrior's ghost
  8296 | D:8      | Noticed a deep elf pyromancer
  8296 | D:8      | Noticed a two-headed ogre
  8297 | D:8      | Noticed a two-headed ogre
  8299 | D:8      | Noticed a centaur warrior
  8306 | D:8      | Killed a two-headed ogre
  8309 | D:8      | Killed a deep elf pyromancer
  8311 | D:8      | Killed a centaur warrior
  8311 | D:8      | Killed a two-headed ogre
  8363 | D:8      | Identified the +6 hand axe "Jipnias" {flame, Fly rPois rN++
                  | Stlth-}
  8841 | D:10     | Entered Level 10 of the Dungeon
  8898 | D:9      | Reached XP level 12. HP: 63/72 MP: 12/12
  8940 | D:9      | Found a staircase to the Lair.
  9014 | D:9      | Identified the +0 robe of Magic {+Blink}
  9396 | D:10     | Found a glowing golden altar of the Shining One.
  9677 | D:10     | Reached skill level 14 in Axes
  9677 | D:10     | Reached skill level 1 in Shields
 10320 | D:11     | Noticed a boulder beetle
 10364 | D:11     | Killed a boulder beetle
 10389 | D:12     | Found a staircase to the Orcish Mines.
 11120 | D:11     | You are sucked into a shaft and drop 3 floors!
 11223 | D:14     | Noticed Azrael
 11235 | D:14     | HP: 2/75 [Azrael/damnation (46)]
 11243 | D:14     | Killed Azrael
 11336 | D:13     | Found a stormy altar of Qazlal.
 11371 | D:13     | Found a gate to the Vaults.
 11416 | D:13     | Noticed a centaur warrior
 11419 | D:13     | Noticed a centaur warrior
 11422 | D:13     | Killed a centaur warrior
 11423 | D:13     | Noticed a boulder beetle
 11426 | D:13     | Killed a centaur warrior
 11427 | D:13     | Reached XP level 13. HP: 74/80 MP: 13/13
 11449 | D:13     | Reached skill level 5 in Shields
 11913 | D:13     | Noticed Lodul
 11927 | D:13     | Killed Lodul
 12253 | D:11     | Found a basalt altar of Yredelemnul.
 13249 | D:13     | Found an opulent altar of Gozag.
 13254 | D:13     | Found an ornate altar of the Wu Jian Council.
 13282 | D:13     | Reached skill level 15 in Armour
 13351 | D:13     | Reached ***** piety under Trog
 13502 | D:13     | Reached skill level 10 in Fighting
 13502 | D:13     | Reached skill level 15 in Axes
 13843 | D:14     | HP: 4/82 [meliai/divine providence (16)]
 14149 | D:14     | Gained mutation: Your large and strong wings let you fly.
                  | [Gargoyle growth]
 14149 | D:14     | Reached XP level 14. HP: 77/88 MP: 14/14
 14180 | D:14     | Received a gift from Trog
 14508 | D:14     | Found an opulent altar of Gozag.
 14632 | D:15     | Entered Level 15 of the Dungeon
 16016 | D:15     | Found a staircase to the Depths.
 16016 | D:15     | Noticed a frost giant
 16022 | D:15     | Killed a frost giant
 16591 | Lair:1   | Entered Level 1 of the Lair of Beasts
 16918 | Lair:1   | Reached skill level 10 in Shields
 17223 | Lair:2   | Found a staircase to the Shoals.
 17498 | Lair:2   | Reached skill level 16 in Axes
 17511 | Lair:2   | Reached XP level 15. HP: 94/94 MP: 15/15
 18488 | Lair:3   | Received a gift from Trog
 18983 | Lair:3   | Found a staircase to the Snake Pit.
 19645 | Lair:4   | Found a staircase to the Slime Pits.
 19645 | Lair:4   | Found a viscous altar of Jiyva.
 19795 | Lair:4   | Found a gate leading to a gauntlet.
 20160 | Lair:5   | Entered Level 5 of the Lair of Beasts
 20550 | Lair:5   | Found a large runed translucent door.
 20550 | Lair:5   | Found a large runed translucent door.
 20594 | Lair:5   | Reached skill level 17 in Axes
 20905 | Snake:1  | Entered Level 1 of the Snake Pit
 20930 | Snake:1  | Received a gift from Trog
 20964 | Snake:1  | Reached XP level 16. HP: 58/101 MP: 9/16
 21175 | Snake:1  | Found a shimmering blue altar of Sif Muna.
 21231 | Snake:1  | Found Ewafaag's General Store.
 21234 | Snake:1  | Found Ciewnae's Magic Scroll Emporium.
 21243 | Snake:1  | Bought a scroll of enchant weapon for 97 gold pieces
 21247 | Snake:1  | Bought 2 potions of heal wounds for 140 gold pieces
 22325 | Snake:2  | Received a gift from Trog
 22785 | Snake:2  | Noticed a nagaraja
 22793 | Snake:2  | Killed a nagaraja
 23543 | Snake:3  | Reached skill level 18 in Axes
 23570 | Snake:3  | Found Yrerejen's Magic Scroll Boutique.
 23582 | Snake:3  | Bought a scroll of silence for 114 gold pieces
 23645 | Snake:3  | Received a gift from Trog
 23926 | Snake:3  | Reached XP level 17. HP: 109/109 MP: 17/17
 23968 | Snake:3  | Identified the +8 morningstar of Infection {speed, Int+3}
 24069 | Snake:3  | Identified the +0 long sword "Feoxeh" {drain, +Blink Will+
                  | Dex+2}
 24201 | Snake:4  | Entered Level 4 of the Snake Pit
 24359 | Snake:4  | Found Reasiaro's Vocational Training.
 24422 | Snake:4  | Noticed Vashnia
 24483 | Snake:4  | Received a gift from Trog
 24526 | Snake:4  | Killed Vashnia
 24529 | Snake:4  | Reached skill level 15 in Shields
 24542 | Snake:4  | Reached skill level 5 in Stealth
 24716 | Snake:4  | Got a serpentine rune of Zot
 26174 | Orc:1    | Entered Level 1 of the Orcish Mines
 26229 | Orc:1    | Noticed Urug
 26229 | Orc:1    | Noticed Erolcha
 26232 | Orc:1    | Received a gift from Trog
 26233 | Abyss:1  | Cast into level 1 of the Abyss (Erolcha)
 26254 | Abyss:1  | Found an iron altar of Okawaru.
 26287 | Abyss:1  | Noticed a bone dragon
 26297 | Abyss:1  | Killed a bone dragon
 26334 | Abyss:1  | Reached XP level 18. HP: 117/117 MP: 18/18
 26503 | Abyss:1  | Noticed a bone dragon
 26520 | Abyss:1  | Killed a bone dragon
 26529 | Abyss:1  | Killed a bone dragon
 26643 | Abyss:1  | Found a corrupted altar of Lugonu.
 26667 | Orc:1    | Escaped the Abyss
 26683 | Orc:1    | Killed Urug
 26683 | Orc:1    | Killed Erolcha
 26999 | Orc:1    | Found a transporter.
 27016 | Orc:1    | Noticed Foklal's ghost (journeyman HOFi)
 27018 | Orc:1    | Found a bloodstained altar of Trog.
 27021 | Orc:1    | Found a transporter.
 27082 | Orc:1    | Killed Foklal's ghost
 27442 | Orc:2    | Entered Level 2 of the Orcish Mines
 27443 | Orc:2    | Found Labippiv's Assorted Antiques.
 27465 | Orc:2    | Found a staircase to the Elven Halls.
 27484 | Orc:2    | Found Timm's Antique Armour Shop.
 27580 | Orc:2    | Found Pinyk's Antique Weapon Emporium.
 27601 | Orc:2    | Received a gift from Trog
 27621 | Orc:2    | Reached skill level 15 in Fighting
 27643 | Orc:2    | Found Juhaar's Antique Weapon Shop.
 27656 | Orc:2    | Found Fueh's Book Shop.
 27883 | Orc:2    | Found Jaskeotz's Antique Armour Shop.
 27899 | Orc:2    | Found Waanec's General Store.
 27907 | Orc:2    | Bought a scroll of enchant weapon for 97 gold pieces
 27907 | Orc:2    | Bought a potion of heal wounds for 65 gold pieces
 28290 | Elf:1    | Entered Level 1 of the Elven Halls
 28378 | Elf:1    | Identified the +7 glaive "Eco Ciec" {pain, ^Fragile rCorr
                  | Dex+4}
 28420 | Elf:1    | Received a gift from Trog
 28478 | Elf:1    | Found Voahee's Magic Scroll Boutique.
 28480 | Elf:1    | Found Jonwuppe's Magic Scroll Shop.
 28485 | Elf:1    | Bought a scroll of enchant weapon for 142 gold pieces
 28492 | Elf:1    | Bought a scroll of enchant armour for 90 gold pieces
 28542 | Elf:1    | Noticed a Brimstone Fiend
 28542 | Abyss:2  | Cast into level 2 of the Abyss (a deep elf demonologist)
 28908 | Abyss:2  | Found a shimmering blue altar of Sif Muna.
 28980 | Abyss:2  | Reached skill level 19 in Axes
 29013 | Elf:1    | Escaped the Abyss
 29056 | Elf:1    | Found Sumiogh's Magic Scroll Boutique.
 29059 | Elf:1    | Bought 3 scrolls of enchant weapon for 427 gold pieces
 29725 | Elf:2    | Noticed a Brimstone Fiend
 29729 | Elf:2    | Noticed a Brimstone Fiend
 29739 | Elf:2    | Received a gift from Trog
 29872 | Elf:2    | Reached XP level 19. HP: 110/125 MP: 19/19
 30110 | Elf:2    | Found a runed translucent gate.
 30110 | Elf:2    | Found a runed translucent gate.
 30111 | Elf:2    | Found a runed translucent gate.
 30112 | Elf:2    | Noticed Gemnupib's ghost (adept DEFE)
 30177 | Elf:2    | Killed Gemnupib's ghost
 30177 | Elf:2    | Reached ****** piety under Trog
 30178 | Elf:2    | Received a gift from Trog
 30299 | Elf:2    | Identified the +4 pair of gloves of Nown {+Inv Dex+4}
 30434 | Elf:2    | Found a runed translucent gate.
 30445 | Elf:2    | Found a runed translucent gate.
 30445 | Elf:2    | Found a runed translucent gate.
 30746 | Elf:2    | Identified the blade talisman of Cyimi {rF+ Str+2 Stlth+}
 30909 | Elf:3    | Entered Level 3 of the Elven Halls
 31005 | Elf:3    | Identified the +7 trident of Pride {freeze, rN++ Will+}
 31123 | Elf:3    | Found a shimmering blue altar of Sif Muna.
 31208 | Elf:3    | Found a flickering gateway to a bazaar.
 31217 | Bazaar   | Entered a bazaar
 31248 | Bazaar   | Found Tiel's Armour Boutique.
 31306 | Bazaar   | Found Xonwor's Antique Weapon Boutique.
 31339 | Bazaar   | Found Plog's Antique Armour Boutique.
 31586 | Elf:3    | HP: 6/124 [deep elf death mage/bolt of negative energy
                  | (14)]
 31586 | Elf:3    | Mangled by a +4 trident of pain

Illustrated notes

Levels and vault maps discovered:
D:1:      onia_arrival_zoo_common, layout_rooms, serial_shops, shop_fountains
D:2:      layout_rooms, uniq_robin
D:3:      kennysheep_big_flooded_room, layout_rooms,
          ebering_ghost_reflecting_pool, grunt_decor_cap,
          hangedman_decor_growths, nicolae_titane, uniq_ijyb, uniq_sigmund
D:4:      layout_basic, zin_statuary, uniq_pikel
D:5:      layout_basic, temple_green
D:6:      layout_basic, lemuel_tele_altar, gammafunk_ghost_split,
          chequers_serial_rivers_large_a, minmay_misc_feat_five
D:7:      layout_cave_pools, gammafunk_temple_overflow_pools,
          lemuel_coloured_pillars_altar, enter_bailey_3
D:8:      minmay_chambers_of_sevens, layout_basic, trog_wizard,
          ebering_ghost_disaster_area
D:9:      layout_roguey, david_lair_generic
D:10:     layout_loops_cross, mainiacjoe_overflow_paths
D:11:     layout_cave_pools, lemuel_zombie_altar_yredelemnul
D:12:     layout_long_grid, orc_0_dummy, serial_bayou, serial_bayou_pond_a,
          serial_bayou_pond_c, serial_bayou_lagoon_b, serial_bayou_shore_b
D:13:     minmay_the_grid_octo_tiled_squarecenter
          [minmay_the_grid_octo_odd_swirl, minmay_the_grid_octo_toaster,
          minmay_the_grid_octo_77, minmay_the_grid_octo_vomiting_pacman,
          minmay_the_grid_square_5x5_megaprize_hollow,
          minmay_the_grid_square_5x5_lines, minmay_the_grid_square_5x5_shrine1,
          minmay_the_grid_square_5x5_comb, minmay_the_grid_square_5x5_n],
          layout_cave_pools, nicolae_qazlal_scattered_showers, uniq_lodul
D:14:     layout_stronghold, nicolae_gozag_seed_capital, uniq_azrael
D:15:     grunt_enter_depths_snipers, layout_irregular_city,
          nicolae_figureground_sparkle
Temple:   regret_index_temple_waves
Lair:1:   layout_cave_pods
Lair:2:   layout_regular_city, shoals_dummy_entry, st_stairs_11
Lair:3:   layout_regular_city, nicolae_snake_entry_squirm, hibernation_bobbens
Lair:4:   layout_regular_city, slime_entry_1, gauntlet_entry_generic,
          lemuel_fruit_fields, infiniplex_staircase_pool
Lair:5:   cheibrodos_lair_end_hotspot, layout_cave_pods, basic_altar,
          kennysheep_abandoned_house
Snake:1:  layout_chambers, basic_altar, minmay_shop_star
Snake:2:  layout_chambers
Snake:3:  layout_misc_corridors, serial_shops, shop, nicolae_snake_boneroom,
          grunt_megastairs_4
Snake:4:  johnstein_snake_rune_scales, layout_layer_cave,
          nicolae_shop_vocational
Orc:1:    layout_caves, gammafunk_ghost_wrathful_warriors,
          mainiacjoe_minedec_watcher_in_the_water, uniq_urug, uniq_erolcha
Orc:2:    grunt_orc_cross, layout_diamond_mine, serial_shops, shop,
          nicolae_shop_advertising_works [nicolae_subvault_shop_adworks], shop
Elf:1:    eino_elf_arrival_customs, layout_gridlike, serial_shops,
          nicolae_shop_behind_doors, nicolae_elf_shapeshifter_party,
          amcnicky_mini_corridor_feature, minmay_shoptagon
Elf:2:    nicolae_elf_blades_splatter_lattice [nicolae_blade_tridents],
          layout_geoelf_grid, gammafunk_ghost_tricky_traps, fountainhead
Elf:3:    minmay_elf_hall_x, layout_gridlike, serial_shops, bzr_entry_islet,
          serial_sigils, serial_sigils_hangedman_clutch,
          serial_sigils_hangedman_gnaw, serial_sigils_hangedman_confine,
          serial_sigils_hangedman_leer, basic_altar

Skill      XL: |  1  2  3  4  5  6  7  8  9 10 11 12 13 14 15 16 17 18 19 |
---------------+----------------------------------------------------------+-----
Axes           | 3 4 5 7 10 12 13 14 15 16 17 18 19 | 19.5
Dodging        | 2 3 4 |  4.8
Fighting       | 4 5 6 7 8 10 11 12 13 14 15 16 | 16.6
Armour         | 3 4 10 12 13 14 15 16 17 | 17.7
Stealth        | 1 2 3 4 5 6 |  6.3
Shields        | 4 8 10 11 13 15 17 18 | 18.5

Action                     |  1- 3 |  4- 6 |  7- 9 | 10-12 | 13-15 | 16-18 | 19-21 || total
---------------------------+-------+-------+-------+-------+-------+-------+-------++-------
  Melee: Hand axe          |    94 |   131 |       |   301 |   299 |       |       ||   825
         Punch             |     2 |     1 |     1 |     7 |       |       |       ||    11
         War axe           |       |    42 |    89 |   233 |       |       |       ||   364
         Broad axe         |       |       |       |    21 |   587 |  1075 |   237 ||  1920
 Invoke: Berserk           |     1 |     4 |     1 |     8 |     3 |     4 |     1 ||    22
         Trog's Hand       |       |     3 |     1 |    10 |     7 |    17 |     8 ||    46
    Use: Scroll            |       |       |     4 |    13 |    11 |    10 |     6 ||    44
         Potion            |       |       |     2 |     3 |     3 |     6 |     3 ||    17
   Stab: Confused          |       |       |       |       |     7 |    11 |     2 ||    20
         Distracted        |       |       |       |       |     1 |     3 |     2 ||     6
         Paralysed         |       |       |       |       |       |     6 |       ||     6
         Petrifying        |       |       |       |       |       |     3 |       ||     3
         Petrified         |       |       |       |       |       |     5 |       ||     5
 Armour: Animal skin       |    80 |    51 |       |       |       |       |       ||   131
         Ring mail         |       |    30 |       |       |       |       |       ||    30
         Chain mail        |       |    58 |    69 |   184 |       |       |       ||   311
         Plate armour      |       |       |       |   241 |   722 |   626 |   191 ||  1780
  Dodge: Dodged            |    80 |    90 |    43 |   168 |   362 |   355 |    67 ||  1165
  Block: Buckler           |       |       |       |    26 |       |       |       ||    26
         Kite shield       |       |       |       |    91 |   725 |   213 |       ||  1029
         Reflection        |       |       |       |    11 |    57 |   160 |    30 ||   258
         Tower shield      |       |       |       |       |       |   957 |   352 ||  1309

Table legend: (Time is in decaauts)
 A = Elapsed time spent in this place.
 B = Non-inter-level travel time spent in this place.
 C = Inter-level travel time spent in this place.
 D = Time resting spent in this place.
 E = Time spent auto-exploring this place.
 F = Levels seen in this place.
 G = Mean time per level.
                   A        B        C        D        E       F      G
               +--------+--------+--------+--------+--------+-----+--------+
         Total |  31311 |  25983 |   5328 |   3834 |  14833 |  33 |  948.8 |
       Dungeon |  16724 |  13662 |   3062 |   3501 |   6974 |  15 | 1114.9 |
        Temple |      1 |      1 |      0 |      0 |      0 |   1 |    1.0 |
          Lair |   4524 |   3764 |    760 |      0 |   2847 |   5 |  904.8 |
     Snake Pit |   4793 |   4079 |    714 |     33 |   2933 |   4 | 1198.2 |
  Orcish Mines |   1672 |   1271 |    401 |    100 |    792 |   2 |  836.0 |
   Elven Halls |   2544 |   2154 |    390 |    200 |   1122 |   3 |  848.0 |
         Abyss |    846 |    846 |      0 |      0 |    114 |   2 |  423.0 |
        Bazaar |    202 |    202 |      0 |      0 |     51 |   1 |  202.0 |
               +--------+--------+--------+--------+--------+-----+--------+

Top non-repeatable levels by time:
    D:14: 1862 daAuts
     D:8: 1546 daAuts
 Snake:4: 1409 daAuts
     D:4: 1342 daAuts
    D:13: 1330 daAuts
    D:11: 1285 daAuts
 Snake:1: 1216 daAuts
   Elf:2: 1199 daAuts
 Snake:2: 1195 daAuts
  Lair:3: 1127 daAuts
     D:1: 1080 daAuts
     D:3: 1045 daAuts
  Lair:1: 1042 daAuts
     D:2: 1034 daAuts
     D:6: 978 daAuts
